 Dungeon Crawl Stone Soup version 0.22-a0-305-gd21a89c (webtiles) character file.

29 inmateoo the Ruffian (level 3, -4/20 HPs)
             Began as a Gargoyle Arcane Marksman on Mar 29, 2018.
             Killed from afar by Natasha (7 damage)
             ... with a magic dart
             ... on level 3 of the Dungeon.
             The game lasted 00:02:12 (2136 turns).

inmateoo the Ruffian (Gargoyle Arcane Marksman)     Turns: 2136, Time: 00:02:13

Health: -4/20      AC:  5    Str: 14    XL:     3   Next: 16%
Magic:  0/4        EV: 12    Int: 13    God:
Gold:   31         SH:  0    Dex: 14    Spells: 1/4 levels left

rFire    . . .     SeeInvis .     - Unarmed
rCold    . . .     Gourm    .   (no shield)
rNeg     + . .     Faith    .   a - +0 robe
rPois    ∞         Spirit   .   (no helmet)
rElec    +         Reflect  .   (no cloak)
rCorr    .         Harm     .   (no gloves)
MR       .....                  (no boots)
Stlth    +.........             (no amulet)
HPRegen  0.06/turn              e - +2 ring of dexterity
MPRegen  0.09/turn              h - +2 ring of dexterity

@: very slightly contaminated
A: negative energy resistance 1, electricity resistance, unbreathing,
petrification resistance, rot immunity, AC +3
a: no special abilities


You were on level 3 of the Dungeon.
You were not hungry.

You visited 1 branch of the dungeon, and saw 3 of its levels.

You collected 31 gold pieces.

Inventory:

Missiles
 c - 5 javelins (quivered)
Armour
 a - a +0 robe (worn)
Jewellery
 b - an uncursed ring of flight {unknown}
 e - a +2 ring of dexterity (left hand)
 h - a +2 ring of dexterity (right hand)
Comestibles
 f - 3 rations


   Skills:
 - Level 1.1 Fighting
 - Level 1.7 Throwing
 - Level 1.5 Dodging
 + Level 2.7 Unarmed Combat
 - Level 1.0 Spellcasting
 - Level 2.6 Hexes


You had one spell level left.
You knew the following spells:

 Your Spells              Type           Power        Failure   Level  Hunger
a - Corona                Hex            #......      10%         1    ##.....
b - Slow                  Hex            #.......     14%         2    ###....


Dungeon Overview and Level Annotations

Branches:
Dungeon (3/15)

Altars:

Annotations:
D:3 Natasha


Innate Abilities, Weirdness & Mutations

You are resistant to torment.
Your stone body is resilient. (AC +3)
You are immune to poison.
You resist negative energy. (rN+)
You are resistant to electric shocks. (rElec)
You can survive without breathing.
You are immune to petrification.
You are immune to rotting.


Message History

Aim: Natasha (heavily wounded, unusually strong, chance to defeat MR: 41%)
You miscast Corona.
You are very lightly contaminated with residual magic.
You feel a bit tired. The crimson imp closely misses you. Natasha claws you!
* * * LOW HITPOINT WARNING * * *
Unknown command.
Unknown command.
You aren't carrying any potions.
Unknown command.
You hit Natasha.
Natasha is severely wounded.
The crimson imp hits you but does no damage.
Natasha mumbles some strange words.
Unknown command.
You hit Natasha.
Natasha is almost dead.
The crimson imp barely misses you.
Natasha stares at you and mumbles some strange words.
The magic dart hits you!
You die...

##.#.####
(.$.?.h@#
#.##5.5.#
#.....###
######


You could see Natasha and 2 crimson imps.

Vanquished Creatures
  A leopard gecko (D:1)
  A goblin (D:2)
  8 hobgoblins
  5 kobolds (D:1)
  4 bats
  A frilled lizard (D:2)
  6 rats
26 creatures vanquished.

Notes
Turn   | Place    | Note
-------+----------+-------------------------------------------
     0 | D:1      | inmateoo the Gargoyle Arcane Marksman began the quest for the Orb.
     0 | D:1      | Reached XP level 1. HP: 12/12 MP: 2/2
   148 | D:1      | Reached skill level 1 in Unarmed Combat
   378 | D:1      | Reached XP level 2. HP: 16/16 MP: 3/3
   382 | D:1      | Learned a level 2 spell: Slow
  1990 | D:2      | Reached XP level 3. HP: 20/20 MP: 4/4
  2115 | D:2      | Noticed Natasha
  2136 | D:3      | Killed from afar by Natasha

Vault maps used:
D:1:      lightli_arrival_chessboard, grunt_decor_arrowhead
D:2:      st_stairs_5, uniq_natasha
D:3:      chequers_ecumenical_altar_simple, first_ration, serial_bayou_pond_a

Skill      XL: |  1  2 |
---------------+-------+-----
Unarmed Combat | 1 2 |  2.7
Fighting       | |  1.1
Throwing       | |  1.7
Dodging        | |  1.5
Spellcasting   | |  1.0
Hexes          | |  2.6

Action                   || total
-------------------------++-------
Melee: Unarmed           ||   143
Throw: Throwing net      ||     2
 Cast: Slow              ||     2
  Use: Scroll            ||     2
       Potion            ||     2
 Stab: Sleeping          ||     3
       Held in net/web   ||     1
  Eat: Chunk             ||     4
Armor: Robe              ||    44
Dodge: Dodged            ||   103

Table legend:
 A = Spawn XP
 B = Non-spawn XP
 C = Spawn XP percentage of total XP
 D = Spawn monster count
 E = Non-spawn monster count
 F = Spawn count percentage of total count
 G = Total turns spent on level
                    A         B        C        D         E        F      G
               +---------+---------+-------+---------+---------+-------+---------
         Total |       0 |      42 |   0.0 |       0 |      26 |   0.0 |  2136
               +---------+---------+-------+---------+---------+-------+---------
           D:1 |       0 |      27 |   0.0 |       0 |      17 |   0.0 |  1587
           D:2 |       0 |      15 |   0.0 |       0 |       9 |   0.0 |   533
               +---------+---------+-------+---------+---------+-------+---------
